[Event "46th GRE-chT Premier 2018"]
[Site "Rio Achaia"]
[Date "2018.07.12"]
[Round "4"]
[White "Karavitaki, Antonia"]
[Black "Trapalis, Theodoros"]
[Result "1/2-1/2"]
[ECO "E43"]
[WhiteElo "1285"]
[BlackElo "1386"]
[Annotator "NA"]
[PlyCount "145"]
[EventDate "2018.07.10"]
[EventType "team-tourn"]
[EventCountry "GRE"]
[SourceTitle "playchess.com"]
[Source "ChessBase"]
[SourceQuality "1"]
[TimeControl "40/5400+30:1800+30"]

1. d4 Nf6 2. c4 e6 3. Nc3 Bb4 4. e3 b6 5. Bd3 Bb7 6. Nf3 O-O 7. O-O c5 8. a3 Bxc3 9. bxc3 d6 10. Re1 Nbd7 11. e4 e5 12. d5 Qe7 13. Nd2 Rfd8 14. Nf1 Nf8 15. Ng3 Bc8 16. Nh5 h6 17. Qf3 Nxh5 18. Qxh5 Ng6 19. Be2 Qh4 20. Qxh4 Nxh4 21. g3 Ng6 22. f4 Ba6 23. f5 Ne7 24. g4 Rd7 25. g5 hxg5 26. Bxg5 f6 27. Be3 Kh7 28. Kf2 Rh8 29. Rg1 Kg8 30. Rg2 Nc8 31. Rh1 Rh4 32. Bd3 Kf8 33. Kg3 Rh7 34. h4 Ne7 35. Kf2 Ng8 36. h5 Rb7 37. Be2 b5 38. cxb5 Bxb5 39. Rb1 Ba6 40. Rxb7 Bxb7 41. Rg1 Ke7 42. a4 Kd8 43. a5 Ne7 44. Bd2 a6 45. Rb1 Kc7 46. Be3 Nc8 47. Rh1 Ne7 48. Rg1 Bc8 49. Rb1 Bb7 50. Rb6 Nc8 51. Rb1 Ne7 52. c4 Bc8 53. Bd2 Bb7 54. Rb3 Bc8 55. Bd1 Bb7 56. Be2 Bc8 57. Rb1 Bb7 58. Rg1 Bc8 59. Bf3 Bb7 60. Be2 Bc8 61. Rb1 Bb7 62. Kg3 Bc8 63. Rb6 Bb7 64. Kf2 Bc8 65. Bd1 Bb7 66. Be2 Bc8 67. Rb1 Bb7 68. Rg1 Bc8 69. Bd1 Bb7 70. Be2 Bc8 71. Bf3 Bb7 72. Rh1 Ng8 73. Bd1 1/2-1/2

[Event "46th GRE-chT Premier 2018"]
[Site "Rio Achaia"]
[Date "2018.07.12"]
[Round "4"]
[White "Papadopoulou, Marilena"]
[Black "Karavitaki, Evaggelia"]
[Result "1/2-1/2"]
[ECO "B43"]
[WhiteElo "1275"]
[BlackElo "1723"]
[Annotator "NA RC"]
[PlyCount "199"]
[EventDate "2018.07.10"]
[EventType "team-tourn"]
[EventCountry "GRE"]
[SourceTitle "playchess.com"]
[Source "ChessBase"]
[SourceQuality "1"]
[TimeControl "40/5400+30:1800+30"]

1. e4 c5 2. Nf3 e6 3. d4 cxd4 4. Nxd4 a6 5. Nc3 Qc7 6. Bd3 Nf6 7. O-O d6 8. Be3 Be7 9. f4 O-O 10. Qf3 Nc6 11. Nb3 Rb8 12. Qh3 g6 13. Rf3 b5 14. a3 b4 15. Ne2 bxa3 16. Rxa3 d5 17. e5 Ne4 18. Ra1 Nb4 19. Rc1 Nc5 20. Nxc5 Bxc5 21. Bxc5 Qxc5+ 22. Kh1 Bd7 23. Qh4 f5 24. exf6 Nxd3 25. cxd3 Qa7 26. Rc2 Ba4 27. Rd2 Qf7 28. Rh3 Rb7 29. f5 Be8 30. fxg6 Qxf6 31. gxh7+ Kh8 32. Qxf6+ Rxf6 33. Ng3 Rxh7 34. Rxh7+ Kxh7 35. Re2 Bb5 36. Re3 Bd7 37. Kg1 Rf4 38. Rf3 Rxf3 39. gxf3 e5 40. Kf2 d4 41. Ne2 Kg6 42. f4 Kf5 43. fxe5 Kxe5 44. Kf3 Bb5 45. Nc1 Kf5 46. h4 Bc6+ 47. Kg3 Bb5 48. h5 Kg5 49. h6 Kxh6 50. Kf4 Kg6 51. Ke5 Kf7 52. Kxd4 Ke6 53. Kc5 Kd7 54. d4 Kc7 55. Na2 Bf1 56. Nb4 Be2 57. d5 Kd7 58. Nc6 Bb5 59. b4 Be2 60. Ne5+ Kd8 61. Kc6 Bb5+ 62. Kd6 Ba4 63. Nf7+ Ke8 64. Ke6 Bd7+ 65. Kf6 Ba4 66. Ke6 Bd7+ 67. Kd6 Ba4 68. Ne5 Kd8 69. Nc6+ Kc8 70. Ke6 Kc7 71. Ne5 Kd8 72. Kd6 Bb3 73. Kc6 Ba4+ 74. Kb6 Bb5 75. Nc6+ Kd7 76. Nb8+ Kd6 77. Nxa6 Bf1 78. Nc7 Bd3 79. Kb7 Bf1 80. Kc8 Be2 81. Kb7 Bf1 82. Kb6 Be2 83. Ne6 Kxd5 84. Nf4+ Kc4 85. Ka5 Bf3 86. b5 Bh1 87. b6 Kc5 88. Ka6 Kd6 89. Ka7 Kc5 90. Ne6+ Kd6 91. Nd4 Kc5 92. Ne2 Kd6 93. Ng3 Bg2 94. Nf5+ Kc5 95. Ne3 Bh1 96. Ng4 Kd6 97. Ka6 Kc5 98. Ka5 Kc6 99. Nf2 Bg2 100. Nd3 1/2-1/2

[Event "46th GRE-chT Premier 2018"]
[Site "Rio Achaia"]
[Date "2018.07.12"]
[Round "4"]
[White "Paparizou, Eleni"]
[Black "Bania, Eleni"]
[Result "0-1"]
[ECO "C45"]
[WhiteElo "1274"]
[BlackElo "1349"]
[Annotator "NA"]
[PlyCount "44"]
[EventDate "2018.07.10"]
[EventType "team-tourn"]
[EventCountry "GRE"]
[SourceTitle "playchess.com"]
[Source "ChessBase"]
[SourceQuality "1"]
[TimeControl "40/5400+30:1800+30"]

1. e4 e5 2. Nf3 Nc6 3. d4 exd4 4. Nxd4 Bc5 5. Be3 Qf6 6. c3 Nge7 7. Bc4 d6 8. O-O O-O 9. f4 Be6 10. Qd3 d5 11. Bxd5 Bxd5 12. exd5 Nxd5 13. Nd2 Nxe3 14. Qxe3 Nxd4 15. Kh1 Nb3 16. Ne4 Qe7 17. Qf3 Nxa1 18. Rxa1 Rfe8 19. Re1 f5 20. Nf6+ Qxf6 21. Rxe8+ Rxe8 22. h3 Qe6 0-1

[Event "46th GRE-chT Premier 2018"]
[Site "Rio Achaia"]
[Date "2018.07.12"]
[Round "4"]
[White "Violakis, Anastasios"]
[Black "Makridis, Dimitrios"]
[Result "1-0"]
[ECO "D35"]
[WhiteElo "1255"]
[BlackElo "1565"]
[Annotator "NA"]
[PlyCount "119"]
[EventDate "2018.07.10"]
[EventType "team-tourn"]
[EventCountry "GRE"]
[SourceTitle "playchess.com"]
[Source "ChessBase"]
[SourceQuality "1"]
[TimeControl "40/5400+30:1800+30"]

1. d4 d5 2. c4 e6 3. Nc3 Nf6 4. cxd5 exd5 5. Bg5 Nbd7 6. Nf3 c6 7. e3 Bd6 8. Bd3 O-O 9. Qc2 h6 10. Bh4 Re8 11. O-O-O a5 12. g4 g5 13. Bg3 Bxg3 14. hxg3 Nxg4 15. e4 dxe4 16. Nxe4 Ndf6 17. Rde1 Be6 18. Ne5 Nxe4 19. Bxe4 Qxd4 20. Nxg4 Bxg4 21. f3 Be6 22. Rxh6 Bf5 23. Rhh1 Bxe4 24. fxe4 Re5 25. Qh2 Rc5+ 26. Kb1 Rd8 27. e5 Qd3+ 28. Ka1 Kf8 29. Qh8+ Ke7 30. Qf6+ Kd7 31. Rd1 Kc7 32. Rxd3 Rxd3 33. Qxf7+ Rd7 34. Qf6 Rcd5 35. a3 b5 36. e6 R5d6 37. Rf1 Rh7 38. Qf7+ Rxf7 39. exf7 Rd8 40. f8=Q Rxf8 41. Rxf8 Kd6 42. Rg8 c5 43. Rxg5 b4 44. axb4 axb4 45. Kb1 c4 46. Kc2 c3 47. bxc3 bxc3 48. Kxc3 Ke6 49. Kd4 Kf6 50. Re5 Kg6 51. Kd5 Kf6 52. Kd6 Kg6 53. Ke6 Kg7 54. g4 Kf8 55. Kf6 Kg8 56. Re7 Kf8 57. g5 Kg8 58. g6 Kf8 59. g7+ Kg8 60. Re8+ 1-0

[Event "46th GRE-chT Premier 2018"]
[Site "Rio Achaia"]
[Date "2018.07.12"]
[Round "4"]
[White "Batsi, Varvara"]
[Black "Strati, Betty - Anna"]
[Result "0-1"]
[ECO "D00"]
[WhiteElo "1241"]
[BlackElo "1631"]
[Annotator "NA"]
[PlyCount "168"]
[EventDate "2018.07.10"]
[EventType "team-tourn"]
[EventCountry "GRE"]
[SourceTitle "playchess.com"]
[Source "ChessBase"]
[SourceQuality "1"]
[TimeControl "40/5400+30:1800+30"]

1. d4 d5 2. Bf4 c5 3. e3 Nc6 4. c3 Nf6 5. Nd2 e6 6. Bd3 Be7 7. Ngf3 O-O 8. h3 b6 9. O-O Bb7 10. Ne5 Rc8 11. Qe2 Nb8 12. Bh2 Nbd7 13. f4 Ne4 14. Nxe4 dxe4 15. Ba6 Bxa6 16. Qxa6 Nxe5 17. fxe5 Qc7 18. Qe2 Qc6 19. Qg4 Qb5 20. Rf2 Qc6 21. Bf4 Kh8 22. Raf1 f5 23. exf6 gxf6 24. Bh6 Rg8 25. Qh5 Qe8 26. Qxe8 Rcxe8 27. Bf4 Rg6 28. Kh1 f5 29. Rd2 Rd8 30. Rfd1 cxd4 31. Rxd4 Rxd4 32. Rxd4 Bf6 33. Rd7 e5 34. Bh2 Rg7 35. Rxg7 Kxg7 36. Kg1 Kf7 37. Kf2 Ke6 38. Ke2 Bg5 39. g3 Kd5 40. b3 b5 41. Kd2 a5 42. Ke2 h5 43. Kd2 h4 44. Ke2 hxg3 45. Bxg3 f4 46. Bf2 Bf6 47. Kd2 Bg5 48. Ke2 Bf6 49. Kd2 Bg5 50. h4 Bh6 51. Ke2 Ke6 52. c4 bxc4 53. bxc4 Bf8 54. a4 Bd6 55. Bg1 Bc7 56. Bh2 Kf5 57. Bg1 Kg4 58. Bf2 Kf5 59. Kd2 Bb6 60. h5 Bc7 61. Kc3 Bb6 62. Kd2 Bc5 63. Ke2 f3+ 64. Kf1 Kg5 65. Bg3 Bd6 66. Kf2 Kxh5 67. c5 Bc7 68. c6 Kg6 69. Ke1 Kf7 70. Kd2 Ke6 71. Kc3 Kd5 72. Kb3 Bb6 73. Bf2 Kxc6 74. Kc4 Bd8 75. Be1 Be7 76. Bg3 Bc5 77. Bf2 Bb4 78. Bg3 Kd6 79. Bh4 Ke6 80. Bf2 Kf5 81. Kd5 Bd2 82. Bg1 Be1 83. Kc4 f2 84. Bxf2 Bxf2 {[%emt 0:00:04] Kd4} 0-1

[Event "46th GRE-chT Premier 2018"]
[Site "Rio Achaia"]
[Date "2018.07.12"]
[Round "4"]
[White "Zacharia, Aikaterini-Eirini"]
[Black "Koutsidi, Amalia"]
[Result "0-1"]
[ECO "B94"]
[WhiteElo "1234"]
[BlackElo "1911"]
[Annotator "NA"]
[PlyCount "48"]
[EventDate "2018.07.10"]
[EventType "team-tourn"]
[EventCountry "GRE"]
[SourceTitle "playchess.com"]
[Source "ChessBase"]
[SourceQuality "1"]
[TimeControl "40/5400+30:1800+30"]

1. e4 c5 2. Nf3 d6 3. d4 cxd4 4. Nxd4 Nf6 5. Nc3 a6 6. Bg5 Nbd7 7. Qe2 Qc7 8. O-O-O e6 9. f4 Be7 10. Qf3 b5 11. a3 Bb7 12. Rg1 Rc8 13. Bxf6 Nxf6 14. Qd3 Qc5 15. Nf3 b4 16. axb4 Qxb4 17. Re1 O-O 18. g4 Nd7 19. f5 Bf6 20. Re3 Nc5 21. Qxd6 Nb3+ 22. cxb3 Qxd6 23. g5 Bxc3 24. bxc3 Qf4 0-1

[Event "46th GRE-chT Premier 2018"]
[Site "Rio Achaia"]
[Date "2018.07.12"]
[Round "4"]
[White "Tsavdaras, Dimitrios"]
[Black "Yannopapas, Leontios"]
[Result "1/2-1/2"]
[ECO "B36"]
[WhiteElo "1214"]
[BlackElo "1366"]
[Annotator "NA"]
[PlyCount "61"]
[EventDate "2018.07.10"]
[EventType "team-tourn"]
[EventCountry "GRE"]
[SourceTitle "playchess.com"]
[Source "ChessBase"]
[SourceQuality "1"]
[TimeControl "40/5400+30:1800+30"]

1. e4 c5 2. Nf3 g6 3. c4 Nc6 4. d4 cxd4 5. Nxd4 Nf6 6. Nc3 Nxd4 7. Qxd4 d6 8. Be2 Bg7 9. b3 O-O 10. Bb2 Qa5 11. O-O Nxe4 12. Qxe4 Bxc3 13. Bxc3 Qxc3 14. Qxe7 Qe5 15. Qxe5 dxe5 16. Rad1 Bf5 17. Rfe1 Rad8 18. Rd5 Rxd5 19. cxd5 Rd8 20. Bf3 e4 21. Bxe4 Bxe4 22. Rxe4 Rxd5 23. g4 Kf8 24. Kg2 Rd2 25. Ra4 a6 26. Rb4 Rxa2 27. Rxb7 Rb2 28. Rb6 a5 29. Ra6 Rxb3 30. Rxa5 Kg7 31. g5 1/2-1/2

[Event "46th GRE-chT Premier 2018"]
[Site "Rio Achaia"]
[Date "2018.07.12"]
[Round "4"]
[White "Bellou, Nazareta"]
[Black "Chasouraki, Chrysi"]
[Result "1/2-1/2"]
[ECO "B76"]
[WhiteElo "1211"]
[BlackElo "1026"]
[Annotator "NA"]
[PlyCount "182"]
[EventDate "2018.07.10"]
[EventType "team-tourn"]
[EventCountry "GRE"]
[SourceTitle "playchess.com"]
[Source "ChessBase"]
[SourceQuality "1"]
[TimeControl "40/5400+30:1800+30"]

1. e4 c5 2. Nf3 d6 3. d4 cxd4 4. Nxd4 Nf6 5. Nc3 g6 6. Be3 Bg7 7. f3 O-O 8. Qd2 Nc6 9. O-O-O d5 10. Qe1 Be6 11. g4 Nxd4 12. Bxd4 a6 13. h4 Re8 14. exd5 Bc8 15. Bc4 b5 16. Bb3 Bb7 17. a3 Qd7 18. Qe3 Rac8 19. h5 a5 20. hxg6 hxg6 21. Rh3 a4 22. Ba2 Ba6 23. Rdh1 Qd6 24. g5 Nh5 25. Bxg7 Kxg7 26. f4 Rh8 27. Qe5+ Kg8 28. Qxd6 exd6 29. Ne4 Rd8 30. Nf6+ Kg7 31. Nxh5+ gxh5 32. Rxh5 Rxh5 33. Rxh5 Kg6 34. Rh1 Kf5 35. Rf1 b4 36. Rf2 bxa3 37. bxa3 Re8 38. c3 Bd3 39. Kd2 Be4 40. Bc4 Rb8 41. Ke3 Rc8 42. Kd4 Rb8 43. Ba6 Rb3 44. Bc8+ Kg6 45. Kxe4 Rxa3 46. c4 Ra1 47. Bf5+ Kg7 48. Kd3 Ra3+ 49. Kd4 Ra1 50. Bd3 a3 51. Kc3 a2 52. Kd4 Kf8 53. f5 Ke7 54. g6 Kf6 55. Rc2 Kg7 56. Kc3 fxg6 57. fxg6 Kf6 58. c5 dxc5 59. Kb3 Rd1 60. Kxa2 Rxd3 61. Rg2 Kg7 62. Rg5 Rf3 63. d6 Rd3 64. Rxc5 Rxd6 65. Kb3 Kxg6 66. Kb4 Kf6 67. Rh5 Ke6 68. Kc5 Rd1 69. Kc4 Rc1+ 70. Kd3 Rd1+ 71. Kc2 Rd5 72. Rh6+ Ke5 73. Kc3 Rd6 74. Rh5+ Ke6 75. Kc4 Rc6+ 76. Kd4 Rd6+ 77. Kc5 Rd1 78. Rh6+ Ke5 79. Kc4 Rc1+ 80. Kd3 Rd1+ 81. Kc2 Rd6 82. Rh5+ Ke6 83. Kc3 Rc6+ 84. Kb4 Rb6+ 85. Kc5 Rb1 86. Kc4 Rc1+ 87. Kd3 Rd1+ 88. Kc2 Rd5 89. Rh6+ Ke5 90. Kc3 Rc5+ 91. Kd3 Rd5+ {[%emt 0:00:12] Ke4+} 1/2-1/2

[Event "46th GRE-chT Premier 2018"]
[Site "Rio Achaia"]
[Date "2018.07.12"]
[Round "4"]
[White "Mplitsa, Artemis"]
[Black "Pilalis, Ernestos"]
[Result "0-1"]
[ECO "B41"]
[WhiteElo "1182"]
[BlackElo "1278"]
[Annotator "NA"]
[PlyCount "62"]
[EventDate "2018.07.10"]
[EventType "team-tourn"]
[EventCountry "GRE"]
[SourceTitle "playchess.com"]
[Source "ChessBase"]
[SourceQuality "1"]
[TimeControl "40/5400+30:1800+30"]

1. e4 c5 2. Nf3 e6 3. d4 cxd4 4. Nxd4 a6 5. c4 Nf6 6. Nc3 Qc7 7. a3 Nc6 8. Be3 Be7 9. Be2 O-O 10. O-O d6 11. f4 Bd7 12. Qe1 e5 13. Nf5 Kh8 14. Nd5 Nxd5 15. cxd5 Bxf5 16. exf5 exf4 17. Rxf4 Ne5 18. Rb4 Bd8 19. Bb6 Qd7 20. Bxd8 Raxd8 21. Qf2 Qe7 22. Qb6 Rd7 23. Re1 Nd3 24. Kf1 Nxe1 25. Kxe1 Re8 26. Qf2 Qe5 27. Rd4 Rde7 28. Rd2 Qxh2 29. Kd1 Qe5 30. g4 Qe4 31. Kc1 Rc8+ 0-1

[Event "46th GRE-chT Premier 2018"]
[Site "Rio Achaia"]
[Date "2018.07.12"]
[Round "4"]
[White "Amaxopoulos, Christos"]
[Black "Fragkos, Vasileios"]
[Result "0-1"]
[ECO "A46"]
[WhiteElo "1180"]
[BlackElo "1774"]
[Annotator "NA"]
[PlyCount "78"]
[EventDate "2018.07.10"]
[EventType "team-tourn"]
[EventCountry "GRE"]
[SourceTitle "playchess.com"]
[Source "ChessBase"]
[SourceQuality "1"]
[TimeControl "40/5400+30:1800+30"]

1. d4 Nf6 2. Nf3 e6 3. g3 Be7 4. Bg2 O-O 5. O-O d5 6. Bf4 c6 7. e3 Nbd7 8. Nbd2 b6 9. Rc1 b5 10. c3 a5 11. a4 Ne8 12. axb5 cxb5 13. Qb3 g5 14. Bxg5 Bxg5 15. Rfe1 Nd6 16. Nxg5 Qxg5 17. Qc2 Bb7 18. Ra1 Nf6 19. Nb3 a4 20. Nc5 Bc6 21. f3 Nd7 22. Nd3 Nc4 23. Nf2 Nf6 24. e4 dxe4 25. fxe4 Qd2 26. Qxd2 Nxd2 27. d5 exd5 28. exd5 Bxd5 29. Bxd5 Nxd5 30. Kg2 Nc4 31. Rab1 Rfe8 32. Rxe8+ Rxe8 33. b3 Nde3+ 34. Kg1 Nd2 35. Rb2 Nxb3 36. Nd3 Nc4 37. Rc2 Rd8 38. Nf2 a3 39. Ra2 Rd2 0-1

[Event "46th GRE-chT Premier 2018"]
[Site "Rio Achaia"]
[Date "2018.07.12"]
[Round "4"]
[White "Karamitanis, Lazaros"]
[Black "Chatzigavriil, Georgios"]
[Result "0-1"]
[ECO "D02"]
[WhiteElo "1159"]
[BlackElo "1318"]
[Annotator "NA"]
[PlyCount "80"]
[EventDate "2018.07.10"]
[EventType "team-tourn"]
[EventCountry "GRE"]
[SourceTitle "playchess.com"]
[Source "ChessBase"]
[SourceQuality "1"]
[TimeControl "40/5400+30:1800+30"]

1. d4 d5 2. Nf3 c5 3. c3 Nf6 4. Bf4 Qb6 5. Qb3 c4 6. Qc2 Nc6 7. e3 Bf5 8. Qc1 Nh5 9. Bg3 Nxg3 10. hxg3 f6 11. Nfd2 e5 12. e4 Bxe4 13. Nxe4 dxe4 14. Bxc4 exd4 15. cxd4 Bb4+ 16. Nd2 Qxd4 17. a3 Bxd2+ 18. Qxd2 Qxc4 19. Rc1 Qd3 20. Qxd3 exd3 21. Kd2 Rd8 22. Rc3 Ne5 23. Re1 Kf7 24. Rc7+ Rd7 25. Rxd7+ Nxd7 26. Rc1 Rb8 27. Kxd3 Ne5+ 28. Ke2 Rd8 29. f4 Nc6 30. Rc3 Kg6 31. g4 f5 32. gxf5+ Kxf5 33. g3 Kg4 34. Ke1 Nd4 35. Rc7 Nf3+ 36. Kf1 g6 37. Rxb7 Rd1+ 38. Ke2 Rd2+ 39. Kf1 Kxg3 40. b4 Rf2# 0-1

[Event "46th GRE-chT Premier 2018"]
[Site "Rio Achaia"]
[Date "2018.07.12"]
[Round "4"]
[White "Koukouliatas, Sotirios Georgios"]
[Black "Kollias, Ioannis K"]
[Result "0-1"]
[ECO "A45"]
[WhiteElo "1130"]
[BlackElo "1546"]
[Annotator "NA"]
[PlyCount "72"]
[EventDate "2018.07.10"]
[EventType "team-tourn"]
[EventCountry "GRE"]
[SourceTitle "playchess.com"]
[Source "ChessBase"]
[SourceQuality "1"]
[TimeControl "40/5400+30:1800+30"]

1. d4 Nf6 2. Bf4 d5 3. e3 Bf5 4. Bd3 Bxd3 5. Qxd3 c6 6. Nf3 Nbd7 7. O-O e6 8. Nbd2 Be7 9. c4 O-O 10. c5 Nh5 11. Bg3 Nxg3 12. hxg3 e5 13. Qe2 e4 14. Nh2 f5 15. b4 Qe8 16. b5 Rf6 17. bxc6 bxc6 18. f4 exf3 19. Rxf3 Qh5 20. Rf2 Qg5 21. g4 fxg4 22. Nxg4 Rxf2 23. Nxf2 Rb8 24. Nb3 Rb5 25. e4 Nf6 26. exd5 Nxd5 27. Qe6+ Kf8 28. Qxc6 Rb8 29. Rf1 Nf6 30. Qc7 Re8 31. Qxa7 Kg8 32. c6 Nh5 33. g4 Nf4 34. Nc1 Qh4 35. Re1 Qg3+ 36. Kf1 Qg2# 0-1

[Event "46th GRE-chT Premier 2018"]
[Site "Rio Achaia"]
[Date "2018.07.12"]
[Round "4"]
[White "Tafani, Kleinta"]
[Black "Vitzileou, Fedra"]
[Result "1-0"]
[ECO "E20"]
[WhiteElo "1102"]
[BlackElo "1226"]
[Annotator "NA"]
[PlyCount "57"]
[EventDate "2018.07.10"]
[EventType "team-tourn"]
[EventCountry "GRE"]
[SourceTitle "playchess.com"]
[Source "ChessBase"]
[SourceQuality "1"]
[TimeControl "40/5400+30:1800+30"]

1. d4 Nf6 2. c4 e6 3. Nc3 Bb4 4. Bd2 O-O 5. Nf3 b6 6. e3 Bb7 7. Bd3 c5 8. a3 Bxc3 9. Bxc3 cxd4 10. exd4 Nc6 11. Qc2 h6 12. O-O-O Qe7 13. Rhg1 Rfc8 14. Kb1 Na5 15. Nd2 Ba6 16. Bb4 Qd8 17. c5 Bxd3 18. Qxd3 bxc5 19. dxc5 Nd5 20. Ne4 Nc6 21. Qc4 Ncxb4 22. axb4 Rcb8 23. b5 Qa5 24. Nd6 Nc7 25. Nxf7 Nxb5 26. Nxh6+ Kf8 27. Qf4+ Ke8 28. Qf7+ Kd8 29. Qxd7# 1-0

[Event "46th GRE-chT Premier 2018"]
[Site "Rio Achaia"]
[Date "2018.07.12"]
[Round "4"]
[White "Fertakis, Dimitrios"]
[Black "Tzikas, Athanasios G"]
[Result "0-1"]
[ECO "B90"]
[WhiteElo "1058"]
[BlackElo "1251"]
[Annotator "NA"]
[PlyCount "158"]
[EventDate "2018.07.10"]
[EventType "team-tourn"]
[EventCountry "GRE"]
[SourceTitle "playchess.com"]
[Source "ChessBase"]
[SourceQuality "1"]
[TimeControl "40/5400+30:1800+30"]

1. e4 c5 2. Nf3 d6 3. d4 cxd4 4. Nxd4 Nf6 5. Nc3 a6 6. Be3 e6 7. Be2 b5 8. Bf3 Bb7 9. e5 Nd5 10. Nxd5 Bxd5 11. exd6 Qxd6 12. O-O Be7 13. Nb3 Bc6 14. Bxc6+ Nxc6 15. Qxd6 Bxd6 16. c3 O-O 17. Rad1 Bc7 18. Rd2 Rfd8 19. Rfd1 Rxd2 20. Rxd2 Ne5 21. Re2 Rd8 22. Rd2 Rxd2 23. Nxd2 Ng4 24. Nf1 Ne5 25. Bf4 Nf3+ 26. gxf3 Bxf4 27. Ng3 Kf8 28. Ne2 Be5 29. h3 Ke7 30. Kf1 Kf6 31. Ng3 Kg5 32. Kg2 f5 33. Ne2 h5 34. Nc1 f4 35. Nb3 Kf5 36. Nc5 a5 37. Nb3 a4 38. Nd2 g5 39. Ne4 g4 40. hxg4+ hxg4 41. Nd2 a3 42. fxg4+ Kxg4 43. f3+ Kf5 44. bxa3 Bxc3 45. Ne4 Be5 46. Nc5 Bd6 47. Nb3 e5 48. a4 bxa4 49. Nd2 Bb4 50. Ne4 Ke6 51. Kf2 Kd5 52. Ke2 Kd4 53. Nf6 Be7 54. Ne4 a3 55. Kd2 Bb4+ 56. Ke2 Ba5 57. Nd6 Kc3 58. Nb5+ Kb2 59. Kd1 Kxa2 60. Kc2 Bb4 61. Nc7 e4 62. fxe4 f3 63. Nd5 f2 64. Ne3 Bc5 65. Nf1 Bd6 66. Ne3 Be5 67. Nf1 Bf4 68. e5 Bxe5 69. Nd2 Bc7 70. Kc3 Ba5+ 71. Kc2 Bxd2 72. Kxd2 f1=Q 73. Ke3 Qd1 74. Ke4 Kb2 75. Ke3 a2 76. Ke4 a1=Q 77. Ke5 Qa5+ 78. Ke4 Qg4+ 79. Kd3 Qc3# 0-1

[Event "46th GRE-chT Premier 2018"]
[Site "Rio Achaia"]
[Date "2018.07.12"]
[Round "4"]
[White "Papanagiotou, Argyro"]
[Black "Fertaki, Eleftheria"]
[Result "0-1"]
[ECO "B23"]
[WhiteElo "1037"]
[BlackElo "1139"]
[Annotator "NA"]
[PlyCount "48"]
[EventDate "2018.07.10"]
[EventType "team-tourn"]
[EventCountry "GRE"]
[SourceTitle "playchess.com"]
[Source "ChessBase"]
[SourceQuality "1"]
[TimeControl "40/5400+30:1800+30"]

1. e4 c5 2. Nc3 e6 3. f4 Nc6 4. Nf3 d6 5. d4 cxd4 6. Nxd4 a6 7. a4 Qb6 8. Nxc6 bxc6 9. Bd2 Qxb2 10. Rb1 Qa3 11. Be3 Qxc3+ 12. Qd2 Qxd2+ 13. Bxd2 Nf6 14. Bd3 d5 15. e5 Nd7 16. O-O Nc5 17. a5 Nxd3 18. cxd3 Bc5+ 19. Kh1 O-O 20. Rbc1 Bd4 21. Rxc6 Bd7 22. Rc2 Rac8 23. Ra2 f6 24. Bb4 Rfe8 0-1